 Dungeon Crawl Stone Soup version 0.21.1-1-g345015f (webtiles) character file.

36147 Monsterracer the Fighter (level 13, -8/140 HPs)
             Began as an Ogre Wizard on Feb 22, 2018.
             Was a High Priest of Sif Muna.
             Mangled by an ogre
             ... wielding a +0 giant club
              (22 damage)
             ... on level 1 of the Orcish Mines on Feb 24, 2018.
             The game lasted 01:05:00 (31878 turns).

Monsterracer the Fighter (Ogre Wizard)             Turns: 31878, Time: 01:05:00

Health: -8/140     AC:  5    Str: 20    XL:     13   Next: 88%
Magic:  2/27       EV: 10    Int: 23    God:    Sif Muna [*****.]
Gold:   1003       SH:  2    Dex:  7    Spells: 9/32 levels left

rFire    . . .     SeeInvis .   a - +6 long sword (flame) (curse)
rCold    + . .     Gourm    .   (no shield)
rNeg     . . .     Faith    .   D - +0 robe {rC+}
rPois    .         Spirit   .   r - +2 hat
rElec    .         Reflect  +   (no cloak)
rCorr    .         Harm     .   (gloves unavailable)
MR       +....                  (boots unavailable)
Stlth    +.........             J - +2 amulet of reflection
HPRegen  0.33/turn              p - +5 ring of slaying
MPRegen  0.20/turn              B - +6 ring of strength

@: studying Axes
A: large, unfitting armour, tough skin 1
a: Divine Energy, Channel Magic, Forget Spell, Renounce Religion


You were on level 1 of the Orcish Mines.
You worshipped Sif Muna.
Sif Muna was extremely pleased with you.
You were not hungry.

You visited 4 branches of the dungeon, and saw 19 of its levels.
You also visited: Ossuary.

You collected 1003 gold pieces.

Inventory:

Hand Weapons
 a - a cursed +6 long sword of flaming (weapon)
Armour
 r - a +2 hat (worn)
 w - a +0 large shield
 D - a +0 robe of cold resistance (worn)
Jewellery
 p - a +5 ring of slaying (left hand)
 q - an uncursed ring of wizardry
 t - an uncursed ring of resist corrosion {!d}
 B - a +6 ring of strength (right hand)
 J - a +2 amulet of reflection (around neck)
Wands
 k - a wand of disintegration (36)
 o - a wand of polymorph (10)
 s - a wand of flame (24)
 E - a wand of iceblast (4)
 G - a wand of enslavement (14)
 I - a wand of paralysis (10)
Scrolls
 e - 9 scrolls of remove curse
 f - a scroll of identify
 h - 9 scrolls of teleportation
 j - 2 scrolls of magic mapping {!r}
 y - 2 scrolls of amnesia
 F - a scroll of fog
Potions
 b - a potion of resistance
 d - 5 potions of brilliance
 g - 6 potions of curing
 i - 3 potions of heal wounds
 l - 6 potions of agility
 m - 3 potions of mutation {!q}
 n - 2 potions of might
 u - 3 potions of lignification
 v - 2 potions of berserk rage {!q}
 x - a potion of ambrosia {!q}
 z - a potion of cancellation
 A - a potion of flight
 C - 2 potions of haste
Books
 H - a manual of Axes
 K - Sif Muna's Compendium of Dark Self-Improvement
   (Sif Muna gifted it to you on level 11 of the Dungeon)

   Spells                             Type                      Level
   a - Song of Slaying                Charms                       2
   b - Corpse Rot                     Necromancy                   2
   c - Iskenderun's Battlesphere      Conjuration/Charms           5
   d - Deflect Missiles               Charms/Air                   6
   e - Ring of Flames                 Charms/Fire                  7
   f - Haunt                          Necromancy/Summoning         7
Comestibles
 c - 14 rations
 L - 2 chunks of flesh


   Skills:
 + Level 12.0 Fighting
 + Level 3.8 Dodging
 - Level 1.4 Stealth
 - Level 4.1 Shields
 + Level 10.2 Spellcasting
 * Level 11.5 Conjurations
   Level 0.8 Summonings
 - Level 3.0 Translocations
 - Level 0.3 Fire Magic
 + Level 9.2 Air Magic
 - Level 1.8 Poison Magic
 + Level 9.9 Invocations


You had 9 spell levels left.
You knew the following spells:

 Your Spells              Type           Power        Failure   Level  Hunger
a - Magic Dart            Conj           ####         1%          1    None
b - Conjure Flame         Conj/Fire      #####...     1%          3    None
c - Mephitic Cloud        Conj/Pois/Air  #####...     1%          3    None
d - Lightning Bolt        Conj/Air       ######....   1%          5    ####...
e - Blink                 Tloc           N/A          2%          2    None
f - Airstrike             Air            ######....   1%          4    #......
g - Static Discharge      Conj/Air       ######..     1%          3    None
u - Swiftness             Chrm/Air       ####....     1%          2    None


Dungeon Overview and Level Annotations

Branches:
Dungeon (11/15)            Temple (1/1) D:5            Lair (6/6) D:8
  Swamp (0/4) Lair:4        Snake (0/4) Lair:3        Slime (0/5) Lair:5
    Orc (1/2) D:11

Altars:
Ashenzari
Cheibriados
Dithmenos
Elyvilon
Fedhas
Gozag
Hepliaklqana
Kikubaaqudgha
Makhleb
Nemelex Xobeh
Okawaru
Qazlal
Ru
Sif Muna
Trog
Uskayaw
Vehumet
Wu Jian
Xom
Yredelemnul
Zin
The Shining One
Jiyva

Shops:
D:5 [   D:6 :   D:8 %

Annotations:
D:10 Gastronok
Lair:6 Snorg


Innate Abilities, Weirdness & Mutations

You are too large for most types of armour.
You have tough skin. (AC +1)


Message History

The magic dart hits the orc knight.
The orc knight hits you from afar with a halberd!!
The orc warrior throws a tomahawk.
The tomahawk hits you.
You take 21 damage, and have 80/140 hp.
Casting: Magic Dart
Confirm with . or Enter, or press ? or * to list all spells.
Aiming: Magic Dart
Press: ? - help, Shift-Dir - straight line, f/p - orc knight
Aim: an orc knight, wielding a halberd and wearing a chain mail The magic dart hits the orc knight.
The orc knight roars a battlecry!
The orc warrior goes into a battle-frenzy!
The orc warrior throws a tomahawk.
The tomahawk hits you but does no damage.
You hear a shout!
You now have 17/27 mp.
The orc warrior throws a tomahawk.
The tomahawk misses you.
You see here 2 tomahawks.
You see here a tomahawk.
Casting: Magic Dart
Confirm with . or Enter, or press ? or * to list all spells.
Aiming: Lightning Bolt
Press: ? - help, Shift-Dir - straight line, f - orc warrior, p - orc knight
Aim: an orc warrior, wielding a glaive and wearing a plate armour (unusually strong)
You hear a mighty clap of thunder!
The bolt of lightning hits the orc knight.
The orc knight is heavily wounded.
The bolt of lightning misses the orc warrior.
You hear a shout!
The orc knight roars a battlecry!
The orc goes into a battle-frenzy!
The orc warrior throws a tomahawk.
The tomahawk closely misses you.
An orc comes into view.
You now have 12/27 mp.
Casting: Lightning Bolt
Confirm with . or Enter, or press ? or * to list all spells.
Aiming: Lightning Bolt
Press: ? - help, Shift-Dir - straight line, f - orc, p - orc warrior
Aim: an orc (unusually strong)
You hear a mighty clap of thunder!
The bolt of lightning misses the orc knight.
The bolt of lightning hits the orc warrior.
The orc warrior is severely wounded.
The bolt of lightning misses the orc.
The orc knight hits you from afar with a halberd!!
* * * LOW HITPOINT WARNING * * *
The orc warrior throws a tomahawk.
The tomahawk barely misses you.
An orc wizard comes into view. It is wielding a dagger.
You take 33 damage, and have 49/140 hp.
MASSIVE DAMAGE!!
You now have 8/27 mp.
Press: ? - help, v - describe, . - travel, g - get item
Here: an orc knight, wielding a halberd and wearing a chain mail (heavily wounded) 3 tomahawks.
The floor, spattered with blood.
Casting: Lightning Bolt
Confirm with . or Enter, or press ? or * to list all spells.
Aiming: Lightning Bolt
Press: ? - help, Shift-Dir - straight line, f - orc wizard, p - orc
Aim: an orc wizard, wielding a dagger and wearing a robe You hear a mighty clap of thunder!
The bolt of lightning hits the orc knight.
The orc knight is almost dead.
The bolt of lightning hits the orc warrior.
The orc warrior is severely wounded.
The bolt of lightning hits the orc wizard.
You kill the orc wizard!
Sif Muna accepts your kill.
The orc knight hits you from afar with a halberd.
* * * LOW HITPOINT WARNING * * *
The orc warrior throws a tomahawk.
The tomahawk hits you.
* * * LOW HITPOINT WARNING * * *
You take 9 damage, and have 40/140 hp.
You now have 3/27 mp.
The orc warrior throws a tomahawk.
The tomahawk completely misses you.
The orc warrior throws a tomahawk.
The tomahawk hits you!
* * * LOW HITPOINT WARNING * * *
You see here a tomahawk.
You take 8 damage, and have 34/140 hp.
The orc knight roars a battlecry!
The orc knight roars a battlecry!
The orc goes into a battle-frenzy!
An ogre comes into view. It is wielding a giant club.
Casting: Lightning Bolt
Confirm with . or Enter, or press ? or * to list all spells.
Aiming: Lightning Bolt
Press: ? - help, Shift-Dir - straight line, f - orc warrior
Aim: an orc warrior, wielding a glaive and wearing a plate armour (severely wounded, unusually strong)
You hear a mighty clap of thunder!
The bolt of lightning hits the orc knight.
You kill the orc knight!
Sif Muna accepts your kill.
The bolt of lightning hits the ogre.
The ogre is moderately wounded.
The bolt of lightning hits the orc warrior.
You kill the orc warrior!
Sif Muna accepts your kill.
You now have 1/27 mp.
The ogre hits you with a giant club!!
* * * LOW HITPOINT WARNING * * *
You take 24 damage, and have 13/140 hp.
The ogre hits you with a giant club!!
You die...

.# .## #.# #### #.###
##..### ###.(.# #.....##
##....####......##
#..((((..#....@..##
..)..[#.o.....#..Oo.#
......#.o.....#.....###
.....###....####......#
..)..####....###.....##
......#......(.#..)###
.∩....#.......()...#
####......#.......#......
...##..######...###......


You could see an ogre and an orc.

Vanquished Creatures
  Erolcha (D:10)
  3 hydras
  A two-headed ogre (D:10)
  A catoblepas (Lair:5)
  4 death yaks (Lair:5)
  Urug (Orc:1)
  An orc knight (Orc:1)
  3 black mambas
  5 elephants (Lair:5)
  The ghost of inc the Conjurer, a novice FeFE of Ashenzari (D:8)
  12 spiny frogs
  2 gargoyles
  A torpor snail (Lair:5)
  2 rime drakes
  9 komodo dragons
  4 trolls
  16 blink frogs
  Prince Ribbit (Lair:3)
  A hornet (D:11)
  6 hippogriffs
  A wyvern (D:9)
  26 yaks
  4 basilisks
  The ghost of Autsider the Poker, an amateur MfSk (D:4)
  4 vampire mosquitoes
  Menkaure (D:4)
  2 nagas (Lair:3)
  10 water moccasins
  A porcupine (Lair:4)
  3 ice beasts
  3 sky beasts
  3 black bears
  4 orc warriors
  2 necrophages
  7 ogres
  2 phantoms (D:11)
  6 centaurs
  5 wolves
  4 crocodiles
  19 bullfrogs
  A big kobold (D:10)
  6 water moccasin zombies (Ossuary)
  A wyvern skeleton (D:9)
  2 scorpions
  7 wights
  5 electric eels
  5 crimson imps
  11 hounds
  A bullfrog zombie (D:11)
  5 orc priests
  A centaur skeleton (D:8)
  2 iguanas
  Natasha (thrice) (D:3)
  8 orc wizards
  6 worker ants
  2 big kobold zombies (Ossuary)
  A hound zombie (D:11)
  2 mummies (Ossuary)
  2 howler monkey skeletons
  9 adders
  2 shadow imps
  2 oozes
  2 adder zombies (Ossuary)
  2 adder skeletons
  2 dart slugs
  3 leopard geckos
  25 orcs
  4 ball pythons
  5 bats
  8 giant cockroaches
  5 gnoll zombies (Ossuary)
  7 goblins
  8 hobgoblins
  11 jackals
  9 quokkas
  7 frilled lizards
  6 hobgoblin zombies (Ossuary)
  7 kobolds
  3 kobold zombies (Ossuary)
  3 orc zombies (Ossuary)
  24 rats
  2 fungi
  2 plants
412 creatures vanquished.

Vanquished Creatures (others)
  5 dream sheep (D:4)
  15 fungi
  20 plants
40 creatures vanquished.

Grand Total: 452 creatures vanquished

Notes
Turn   | Place    | Note
-------+----------+-------------------------------------------
     0 | D:1      | Monsterracer the Ogre Wizard began the quest for the Orb.
     0 | D:1      | Reached XP level 1. HP: 16/16 MP: 5/5
    46 | D:1      | Reached skill level 1 in Conjurations
   301 | D:1      | Reached XP level 2. HP: 24/24 MP: 4/6
   718 | D:1      | Reached XP level 3. HP: 23/31 MP: 0/8
  1231 | D:1      | Learned a level 2 spell: Blink
  1235 | D:1      | Learned a level 3 spell: Conjure Flame
  1240 | D:1      | Learned a level 3 spell: Mephitic Cloud
  1969 | D:2      | Reached XP level 4. HP: 39/39 MP: 3/9
  3106 | D:3      | Reached XP level 5. HP: 45/45 MP: 6/10
  3187 | D:3      | Noticed Natasha
  3194 | D:3      | Killed Natasha
  3606 | D:3      | Noticed Natasha
  3611 | D:3      | Killed Natasha
  3849 | D:3      | Noticed Natasha
  3858 | D:3      | Killed Natasha
  3858 | D:3      | Reached skill level 5 in Conjurations
  4189 | D:4      | Noticed an ogre
  4255 | D:4      | Killed an ogre
  4255 | D:4      | Reached XP level 6. HP: 53/53 MP: 0/11
  4711 | D:4      | Noticed Autsider's ghost (amateur MfSk)
  4764 | D:4      | HP: 23/53 [Autsider's ghost (7)]
  4765 | D:4      | Killed Autsider's ghost
  4765 | D:4      | Reached XP level 7. HP: 26/59 MP: 0/12
  5227 | D:4      | Noticed Menkaure
  5232 | D:4      | Killed Menkaure
  5523 | D:4      | Found a shimmering altar of Xom.
  5523 | D:4      | Noticed a dream sheep
  5523 | D:4      | Noticed a dream sheep
  5523 | D:4      | Noticed a dream sheep
  5523 | D:4      | Noticed a dream sheep
  5523 | D:4      | Noticed a dream sheep
  5527 | D:4      | Killed a dream sheep
  5527 | D:4      | Reached skill level 1 in Fighting
  5527 | D:4      | Killed a dream sheep
  5527 | D:4      | Killed a dream sheep
  5528 | D:4      | Killed a dream sheep
  5528 | D:4      | Killed a dream sheep
  5741 | D:5      | Entered Level 5 of the Dungeon
  5741 | D:5      | Found Xaifaam's Antique Armour Shop.
  5832 | D:5      | Found a shadowy altar of Dithmenos.
  5840 | D:5      | Reached XP level 8. HP: 71/71 MP: 9/14
  5909 | D:5      | Reached skill level 2 in Fighting
  5917 | D:5      | Found a staircase to the Ecumenical Temple.
  5926 | Temple   | Entered the Ecumenical Temple
  6074 | Temple   | Became a worshipper of Sif Muna the Loreminder
  7221 | D:6      | Reached skill level 1 in Invocations
  7293 | D:6      | Found Osieze's Book Shop.
  7437 | D:6      | Reached skill level 3 in Fighting
  7676 | D:6      | Found a glowing silver altar of Zin.
  7676 | D:6      | Found a stormy altar of Qazlal.
  7676 | D:6      | Found a hazy altar of Hepliaklqana.
  7677 | D:6      | Found a sacrificial altar of Ru.
  7677 | D:6      | Found a burning altar of Makhleb.
  7977 | D:7      | Reached skill level 5 in Spellcasting
  7997 | D:7      | Reached skill level 4 in Fighting
  8075 | D:7      | Found a sand-covered staircase.
  8077 | D:7      | HP: 37/79 [centaur/arrow (10)]
  8090 | D:7      | HP: 30/79 [sky beast (3)]
  8092 | Ossuary  | Entered an ossuary
  8515 | Ossuary  | Reached XP level 9. HP: 87/87 MP: 13/17
  8519 | Ossuary  | Reached skill level 5 in Fighting
  8543 | Ossuary  | Reached * piety under Sif Muna
  8934 | D:6      | HP: 41/88 [something (5)]
  9316 | D:7      | HP: 43/89 [bullfrog (4)]
  9321 | D:7      | Reached skill level 1 in Shields
  9434 | D:7      | HP: 44/89 [poisoned by a worker ant]
  9440 | D:7      | HP: 44/89 [poisoned by a worker ant]
  9448 | D:7      | HP: 44/89 [poisoned by a worker ant]
  9706 | D:7      | Reached skill level 6 in Fighting
 10261 | D:8      | HP: 41/89 [hound (4)]
 10266 | D:8      | HP: 36/89 [hound (5)]
 10273 | D:7      | HP: 24/89 [hound (4)]
 10698 | D:8      | Found Rabar's Food Boutique.
 10732 | D:8      | Noticed inc's ghost (novice FeFE)
 10996 | D:8      | Noticed a troll
 11011 | D:8      | Killed inc's ghost
 11011 | D:8      | Reached ** piety under Sif Muna
 11011 | D:8      | Reached skill level 5 in Invocations
 11011 | D:8      | Reached XP level 10. HP: 79/100 MP: 9/20
 11172 | D:7      | HP: 49/100 [hound (3)]
 11439 | D:8      | HP: 45/100 [electric eel/bolt of electricity (11)]
 11716 | D:8      | Found a staircase to the Lair.
 11836 | D:8      | Reached skill level 7 in Fighting
 11972 | D:8      | Found a sparkling altar of Nemelex Xobeh.
 13006 | D:10     | Entered Level 10 of the Dungeon
 13015 | D:10     | Reached skill level 10 in Conjurations
 13176 | D:9      | Reached skill level 1 in Translocations
 13287 | D:10     | Noticed Gastronok
 13393 | D:9      | HP: 44/104 [yak (10)]
 13395 | D:9      | HP: 18/104 [yak (14)]
 14172 | D:10     | Learned a level 2 spell: Swiftness
 14176 | D:10     | Learned a level 3 spell: Static Discharge
 14181 | D:10     | Learned a level 4 spell: Airstrike
 14218 | D:10     | Reached skill level 8 in Fighting
 14222 | D:10     | Reached *** piety under Sif Muna
 14222 | D:10     | Reached skill level 1 in Air Magic
 14446 | D:10     | Noticed Erolcha
 14804 | D:10     | Noticed a gargoyle
 14823 | D:10     | Killed a gargoyle
 15017 | D:10     | Reached XP level 11. HP: 69/113 MP: 7/22
 15020 | D:10     | HP: 52/113 [worker ant (7)]
 15025 | D:10     | HP: 24/113 [poisoned by a worker ant]
 15337 | D:10     | Noticed a two-headed ogre
 15354 | D:10     | HP: 56/113 [two-headed ogre/giant spiked club (11)]
 15355 | D:10     | Killed a two-headed ogre
 15649 | D:10     | Learned a level 5 spell: Lightning Bolt
 15719 | D:10     | Killed Erolcha
 15861 | D:10     | Reached skill level 9 in Fighting
 16287 | D:11     | Found a staircase to the Orcish Mines.
 16806 | D:11     | Noticed a seven-headed hydra
 16824 | D:11     | Killed a seven-headed hydra
 16859 | D:11     | HP: 57/115 [big kobold/whip (6)]
 16865 | D:11     | HP: 53/115 [poisoned by a kobold]
 16870 | D:11     | HP: 51/115 [poisoned by a kobold]
 16875 | D:11     | HP: 39/115 [poisoned by a kobold]
 16881 | D:11     | HP: 39/115 [poisoned by a kobold]
 16889 | D:11     | HP: 39/115 [poisoned by a kobold]
 16894 | D:11     | HP: 36/115 [hound (3)]
 16934 | D:11     | HP: 31/115 [big kobold/whip (7)]
 16941 | D:10     | HP: 32/115 [big kobold/whip (1)]
 17717 | D:10     | HP: 50/115 [Gastronok/the air (28)]
 17726 | D:10     | HP: 26/115 [yak (8)]
 18120 | D:10     | HP: 57/115 [Gastronok/the air (33)]
 18977 | Lair:1   | Entered Level 1 of the Lair of Beasts
 19055 | Lair:1   | Reached skill level 5 in Air Magic
 19683 | Lair:1   | Reached **** piety under Sif Muna
 19742 | Lair:1   | Reached XP level 12. HP: 119/126 MP: 19/24
 19746 | Lair:1   | Reached skill level 10 in Fighting
 20750 | Lair:2   | Noticed a five-headed hydra
 20753 | Lair:2   | Killed a five-headed hydra
 21624 | Lair:2   | HP: 53/127 [spiny frog (20)]
 21629 | Lair:2   | HP: 29/127 [poisoned by a spiny frog]
 21634 | Lair:2   | HP: 25/127 [poisoned by a spiny frog]
 21639 | Lair:2   | HP: 20/127 [poisoned by a spiny frog]
 21645 | Lair:2   | HP: 17/127 [poisoned by a spiny frog]
 21650 | Lair:1   | HP: 15/127 [poisoned by a spiny frog]
 21656 | Lair:1   | HP: 14/127 [poisoned by a spiny frog]
 21662 | Lair:1   | HP: 13/127 [poisoned by a spiny frog]
 21670 | Lair:1   | HP: 14/127 [poisoned by a spiny frog]
 22291 | Lair:3   | Found a staircase to the Snake Pit.
 22882 | Lair:3   | Noticed Prince Ribbit
 22924 | Lair:3   | Killed Prince Ribbit
 22925 | Lair:3   | HP: 63/128 [blink frog[Prince Ribbit] (6)]
 22931 | Lair:3   | HP: 48/128 [blink frog[Prince Ribbit] (14)]
 23832 | Lair:4   | HP: 63/128 [komodo dragon (27)]
 23837 | Lair:4   | HP: 58/128 [poisoned by a water moccasin]
 23843 | Lair:4   | HP: 55/128 [poisoned by a water moccasin]
 23848 | Lair:4   | HP: 54/128 [poisoned by a water moccasin]
 23853 | Lair:4   | HP: 53/128 [poisoned by a water moccasin]
 23860 | Lair:4   | HP: 53/128 [poisoned by a water moccasin]
 23868 | Lair:4   | HP: 54/128 [poisoned by a water moccasin]
 24137 | Lair:4   | Found a staircase to the Swamp.
 24403 | Lair:4   | Reached skill level 11 in Fighting
 24817 | Lair:4   | HP: 49/130 [blink frog (19)]
 24823 | Lair:4   | HP: 48/130 [/static electricity (2)]
 24824 | Lair:4   | Reached skill level 1 in Poison Magic
 25780 | Lair:5   | Reached XP level 13. HP: 111/137 MP: 16/26
 25781 | Lair:5   | HP: 66/137 [blink frog (7)]
 25793 | Lair:5   | HP: 57/137 [/static electricity (4)]
 25814 | Lair:5   | Found a staircase to the Slime Pits.
 25815 | Lair:5   | Found a viscous altar of Jiyva.
 25818 | Lair:5   | HP: 43/137 [blink frog (7)]
 25823 | Lair:4   | HP: 36/136 [/static electricity (2)]
 26559 | Lair:5   | HP: 65/136 [yak[a torpor snail] (5)]
 26840 | Lair:5   | HP: 63/136 [rime drake/flash freeze (18)]
 28011 | Lair:6   | Entered Level 6 of the Lair of Beasts
 28121 | Lair:5   | HP: 64/136 [elephant (13)]
 28126 | Lair:5   | HP: 60/136 [poisoned by a water moccasin]
 28131 | Lair:5   | HP: 57/136 [poisoned by a water moccasin]
 28137 | Lair:5   | HP: 40/136 [poisoned by a water moccasin]
 28142 | Lair:5   | HP: 38/136 [poisoned by a water moccasin]
 28147 | Lair:5   | HP: 31/136 [water moccasin (6)]
 28153 | Lair:4   | HP: 30/136 [poisoned by a water moccasin]
 28159 | Lair:4   | HP: 30/136 [poisoned by a water moccasin]
 28166 | Lair:4   | HP: 31/136 [poisoned by a water moccasin]
 28577 | Lair:5   | HP: 49/136 [komodo dragon (27)]
 28582 | Lair:5   | HP: 28/136 [elephant (13)]
 28596 | Lair:5   | HP: 28/136 [/static electricity (4)]
 29017 | Lair:6   | HP: 67/136 [water moccasin (7)]
 29022 | Lair:5   | HP: 36/138 [poisoned by a water moccasin]
 29024 | Lair:5   | HP: 16/138 [vampire mosquito (4)]
 29512 | Lair:6   | Noticed Snorg
 29514 | Lair:6   | HP: 68/139 [komodo dragon (10)]
 29519 | Lair:5   | HP: 47/139 [komodo dragon (19)]
 29524 | Lair:5   | HP: 45/139 [poisoned by a water moccasin]
 29529 | Lair:5   | HP: 44/139 [death yak (2)]
 29534 | Lair:5   | HP: 44/139 [poisoned by a water moccasin]
 29536 | Lair:5   | Reached skill level 10 in Spellcasting
 29542 | Lair:5   | HP: 37/139 [poisoned by a water moccasin]
 29553 | Lair:5   | HP: 26/139 [death yak (15)]
 29632 | Lair:5   | HP: 42/139 [death yak (10)]
 29936 | Lair:5   | HP: 69/139 [/static electricity (2)]
 29938 | Lair:5   | HP: 23/139 [catoblepas (20)]
 30332 | Lair:5   | HP: 54/139 [elephant (16)]
 30333 | Lair:5   | HP: 20/139 [elephant (17)]
 30342 | Lair:5   | HP: 9/139 [vampire mosquito (5)]
 30347 | Lair:5   | HP: 12/139 [vampire mosquito (9)]
 30351 | Lair:5   | Reached ***** piety under Sif Muna
 30362 | Lair:5   | HP: 6/139 [elephant (7)]
 30965 | Orc:1    | Entered Level 1 of the Orcish Mines
 31010 | Orc:1    | Noticed Urug
 31147 | Orc:1    | HP: 65/139 [ogre/giant club (11)]
 31164 | D:11     | HP: 44/139 [eight-headed hydra (18)]
 31164 | D:11     | HP: 14/139 [eight-headed hydra (14)]
 31250 | D:11     | Identified Sif Muna's Compendium of Dark Self-Improvement (Sif Muna gifted it to you on level 11 of the Dungeon)
 31250 | D:11     | Received a gift from Sif Muna
 31250 | D:11     | Reached skill level 12 in Fighting
 31267 | D:11     | HP: 44/140 [/static electricity (3)]
 31285 | D:11     | HP: 28/140 [/static electricity (4)]
 31632 | Orc:1    | Killed Urug
 31856 | Orc:1    | HP: 49/140 [orc knight/halberd (33)]
 31864 | Orc:1    | HP: 34/140 [orc warrior/tomahawk (9)]
 31875 | Orc:1    | HP: 13/140 [ogre/giant club (24)]
 31878 | Orc:1    | Mangled by an ogre

Skill      XL: |  1  2  3  4  5  6  7  8  9 10 11 12 13 |
---------------+----------------------------------------+-----
Conjurations   | 1 2 3 4 5 6 7 8 9 10 11 | 11.5
Fighting       | 1 4 6 8 9 11 12 | 12.0
Spellcasting   | 4 5 6 7 8 9 10 | 10.2
Invocations    | 3 5 6 7 9 |  9.9
Shields        | 2 3 4 |  4.1
Translocations | 2 3 |  3.0
Air Magic      | 2 5 7 9 |  9.2
Poison Magic   | 1 |  1.8
Dodging        | 3 |  3.8
Stealth        | |  1.4
Summonings     | |  0.8
Fire Magic     | |  0.3

Action                   |  1- 3 |  4- 6 |  7- 9 | 10-12 | 13-15 || total
-------------------------+-------+-------+-------+-------+-------++-------
Melee: Unarmed           |     6 |       |       |       |       ||     6
       Dagger            |    32 |       |    13 |       |       ||    45
       Spear             |       |    50 |       |       |       ||    50
       Trident           |       |    11 |    42 |       |       ||    53
       Long sword        |       |       |    56 |    89 |     4 ||   149
       Quarterstaff      |       |       |     5 |       |       ||     5
 Cast: Magic Dart        |    80 |   129 |   253 |   486 |    42 ||   990
       Conjure Flame     |       |     3 |    15 |    44 |     3 ||    65
       Blink             |       |     1 |     6 |    15 |     2 ||    24
       Mephitic Cloud    |       |     1 |     8 |    10 |     2 ||    21
       Static Discharge  |       |       |       |    59 |    60 ||   119
       Airstrike         |       |       |       |    12 |    18 ||    30
       Swiftness         |       |       |       |     3 |     3 ||     6
       Lightning Bolt    |       |       |       |    34 |    47 ||    81
Invok: Channel Magic     |       |       |       |     1 |     2 ||     3
Evoke: Wand              |       |       |       |     1 |       ||     1
  Use: Scroll            |       |       |    14 |    14 |     1 ||    29
       Potion            |       |       |       |     1 |     2 ||     3
 Stab: Sleeping          |       |       |     1 |       |       ||     1
       Confused          |       |       |     1 |       |       ||     1
  Eat: Chunk             |     3 |     9 |    13 |    25 |    12 ||    62
       Ration            |       |       |     2 |     8 |     5 ||    15
Armor: Robe              |    15 |    12 |    45 |    57 |    21 ||   150
Dodge: Dodged            |    40 |    46 |   110 |   184 |   102 ||   482
Block: Other             |       |       |       |       |     6 ||     6
       Rpst.: Long sword |       |       |    23 |    53 |    28 ||   104

Vault maps used:
D:1:      dpeg_arrival_windows_large_door, minmay_close_crescents
D:2:      first_ration, minmay_rat_hole
D:3:      uniq_natasha
D:4:      kb_xom_exploding_sheep, due_unseen_surprise, uniq_menkaure
D:5:      lemuel_doored_altar, temple_hall, serial_shops, shop
D:6:      grunt_temple_overflow_open, serial_shops, shop
D:7:      enter_ossuary_1, hex_large
D:8:      nemelex_xobeh_ov_fountains_minmay, erik_lair_island, serial_shops,
          shop
D:10:     uniq_erolcha, uniq_gastronok
D:11:     orc_0_dummy
Temple:   zaba_magenta_temple
Lair:1:   st_stairs_3, wad_woods_06
Lair:3:   guppyfry_snake_entry_island, roderic_carrion_pond, uniq_prince_ribbit2
Lair:4:   swamp_mist
Lair:5:   slime_altar_1, serial_bayou_lagoon_a, lemuel_fruit_tree
Lair:6:   minmay_lair_end_frog_pond, st_stairs_7, uniq_snorg
Orc:1:    abandoned_shop, uniq_urug
Ossuary:  ossuary_tomb_2
